General information
- name: BNet
- type: Ladder team game (AT/RT)
- host: Battle.net
- saver: NFL-REFS-R-BACK
map: FullScaleAssault
- players: 8
- length: 56:26
- speed: Fast
- version: 1.26 W3XP
- replay type: Public
» download(392 KB)
Players
team 1 (loser)
TEAMMATESAREGAY (
pink | 69 APM | 3606 actions | 52:17)
8 Death Knight
3 Death Coil
3 Unholy Aura
1 Animate Dead
1 Death Pact
6 Crypt Lord
3 Carrion Beetles
2 Spiked Carapace
1 Locust Swarm
» actions
| Assign group hotkey | 83 | |
| Basic commands | 492 | |
| Build / train | 126 | |
| Enter build submenu | 42 | |
| Enter hero's abilities submenu | 14 | |
| Give item / drop item | 4 | |
| Remove unit from queue | 8 | |
| Right click | 608 | |
| Select / deselect | 587 | |
| Select group hotkey | 1510 | |
| Use ability | 132 | |
3606 total
» units
| Acolyte | 22 | |
| Ghoul | 4 | |
| Crypt Fiend | 7 | |
| Obsidian Statue | 5 | |
| Frost Wyrm | 16 | |
| Goblin Zeppelin | 3 | |
57 total
» upgrades
| Creature Attack | 3 | |
| Creature Carapace | 3 | |
| Web | 1 | |
| Ghoul Frenzy | 1 | |
| Freezing Breath | 1 | |
9 total
» buildings
| Altar of Darkness | 1 | |
| Ziggurat | 22 | |
| Crypt | 3 | |
| Tomb of Relics | 1 | |
| Graveyard | 1 | |
| Halls of the Dead | 1 | |
| Slaughterhouse | 2 | |
| Necropolis | 4 | |
| Black Citadel | 4 | |
| Sacrificial Pit | 1 | |
| Boneyard | 4 | |
| Spirit Tower | 16 | |
| Nerubian Tower | 1 | |
61 total
» build order
00:05 Altar of Darkness
00:07 Ziggurat
00:33 Crypt
01:00 Tomb of Relics
01:15 Ziggurat
01:55 Graveyard
03:17 Crypt
03:18 Ziggurat
04:20 Halls of the Dead
06:01 Ziggurat
06:49 Slaughterhouse
08:36 Necropolis
09:04 Ziggurat
09:34 Black Citadel
09:34 Black Citadel
09:34 Black Citadel
09:47 Slaughterhouse
11:10 Sacrificial Pit
12:00 Necropolis
12:00 Necropolis
12:05 Necropolis
12:37 Ziggurat
12:40 Boneyard
12:42 Boneyard
14:27 Boneyard
16:16 Ziggurat
16:17 Ziggurat
16:20 Crypt
18:11 Spirit Tower
18:12 Spirit Tower
20:18 Ziggurat
20:19 Ziggurat
20:20 Ziggurat
20:21 Ziggurat
20:54 Ziggurat
20:56 Ziggurat
20:57 Ziggurat
20:58 Ziggurat
21:01 Ziggurat
21:14 Spirit Tower
21:14 Spirit Tower
21:18 Nerubian Tower
21:20 Spirit Tower
21:49 Spirit Tower
21:58 Spirit Tower
21:58 Spirit Tower
21:58 Spirit Tower
22:58 Boneyard
24:01 Ziggurat
24:04 Ziggurat
24:04 Ziggurat
24:12 Ziggurat
24:13 Ziggurat
26:19 Spirit Tower
26:20 Spirit Tower
» items
| Rod of Necromancy | 1 | |
| Scroll of Town Portal | 9 | |
| Orb of Corruption | 2 | |
12 total

»
GameOfThrones- (
red | 77 APM | 4185 actions | 54:01)
5 Tauren Chieftain
2 War Stomp
3 Endurance Aura
2 Shadow Hunter
1 Hex
1 Healing Wave
» actions
| Assign group hotkey | 73 | |
| Basic commands | 5 | |
| Build / train | 87 | |
| ESC pressed | 3 | |
| Enter build submenu | 23 | |
| Enter hero's abilities submenu | 7 | |
| Give item / drop item | 1 | |
| Remove unit from queue | 1 | |
| Right click | 1848 | |
| Select / deselect | 727 | |
| Select group hotkey | 1304 | |
| Use ability | 106 | |
4185 total
» units
| Peon | 13 | |
| Grunt | 6 | |
| Goblin Shredder | 1 | |
| Shaman | 12 | |
| Troll Witch Doctor | 10 | |
| Tauren | 11 | |
53 total
» upgrades
| Armor | 3 | |
| Melee Weapons | 3 | |
| Shaman Training | 2 | |
| Witch Doctor Training | 2 | |
| Reinforced Defenses | 1 | |
| Pulverize | 1 | |
| Spiked Barricades | 3 | |
| Pillage | 1 | |
16 total
» buildings
| Orc Burrow | 8 | |
| Altar of Storms | 1 | |
| Barracks | 1 | |
| Voodoo Lounge | 1 | |
| War Mill | 1 | |
| Stronghold | 1 | |
| Great Hall | 3 | |
| Spirit Lodge | 2 | |
| Fortress | 1 | |
| Watch Tower | 4 | |
| Tauren Totem | 2 | |
25 total
» build order
00:25 Orc Burrow
00:39 Altar of Storms
00:57 Barracks
01:51 Orc Burrow
02:05 Orc Burrow
02:30 Voodoo Lounge
02:50 War Mill
04:05 Stronghold
06:03 Great Hall
06:29 Orc Burrow
07:06 Spirit Lodge
08:03 Orc Burrow
08:12 Fortress
09:05 Orc Burrow
09:15 Spirit Lodge
10:53 Watch Tower
10:55 Watch Tower
11:10 Tauren Totem
11:15 Tauren Totem
11:20 Watch Tower
11:23 Watch Tower
12:37 Orc Burrow
12:43 Orc Burrow
38:10 Great Hall
53:56 Great Hall
» items
| Healing Salve | 1 | |
| Scroll of Town Portal | 2 | |
| Orb of Lightning | 1 | |
| Lesser Clarity Potion | 2 | |
6 total
Spooky (
green | 36 APM | 2009 actions | 56:24)
7 Death Knight
3 Death Coil
3 Unholy Aura
1 Animate Dead
6 Lich
3 Frost Nova
2 Frost Armor
1 Death and Decay
» actions
| Assign group hotkey | 22 | |
| Basic commands | 93 | |
| Build / train | 129 | |
| Enter build submenu | 28 | |
| Enter hero's abilities submenu | 13 | |
| Give item / drop item | 12 | |
| Remove unit from queue | 13 | |
| Right click | 752 | |
| Select / deselect | 696 | |
| Select group hotkey | 98 | |
| Use ability | 152 | |
2009 total
» units
| Acolyte | 8 | |
| Crypt Fiend | 14 | |
| Ghoul | 4 | |
| Meatwagon | 8 | |
| Necromancer | 7 | |
| Goblin Zeppelin | 2 | |
| Frost Wyrm | 14 | |
| Abomination | 5 | |
62 total
» upgrades
| Creature Attack | 3 | |
| Creature Carapace | 3 | |
| Web | 1 | |
| Skeletal Longevity | 1 | |
| Necromancer Training | 2 | |
| Exhume Corpses | 1 | |
| Disease Cloud | 1 | |
| Unholy Strength | 3 | |
| Freezing Breath | 1 | |
| Skeletal Mastery | 1 | |
| Unholy Armor | 3 | |
| Burrow | 1 | |
| Stone Form | 0 | |
| Cannibalize | 1 | |
| Ghoul Frenzy | 0 | |
| Destroyer Form | 1 | |
| Banshee Training | 1 | |
24 total
» buildings
| Ziggurat | 12 | |
| Altar of Darkness | 1 | |
| Graveyard | 1 | |
| Crypt | 1 | |
| Tomb of Relics | 1 | |
| Halls of the Dead | 1 | |
| Slaughterhouse | 1 | |
| Temple of the Damned | 1 | |
| Sacrificial Pit | 1 | |
| Black Citadel | 1 | |
| Necropolis | 1 | |
| Boneyard | 1 | |
| Spirit Tower | 1 | |
24 total
» build order
00:12 Ziggurat
00:14 Altar of Darkness
00:36 Graveyard
00:59 Crypt
01:11 Tomb of Relics
01:38 Ziggurat
03:10 Ziggurat
04:24 Halls of the Dead
05:40 Ziggurat
06:59 Slaughterhouse
08:24 Ziggurat
08:27 Temple of the Damned
09:26 Sacrificial Pit
10:30 Black Citadel
12:37 Ziggurat
15:06 Necropolis
16:36 Boneyard
20:54 Ziggurat
21:03 Ziggurat
28:16 Ziggurat
28:18 Ziggurat
28:20 Ziggurat
28:22 Ziggurat
30:07 Spirit Tower
» items
| Rod of Necromancy | 1 | |
| Sacrificial Skull | 1 | |
| Periapt of Vitality | 2 | |
| Scroll of Town Portal | 2 | |
| Orb of Corruption | 2 | |
| Potion of Healing | 3 | |
| Potion of Lesser Invulnerability | 1 | |
| Orb of Lightning | 1 | |
| Scroll of Speed | 1 | |
14 total
Galadriel (
teal | 67 APM | 3741 actions | 55:57)
6 Far Seer
3 Feral Spirit
2 Chain Lighting
1 Earth Quake
1 Shadow Hunter
1 Healing Wave
» actions
| Basic commands | 27 | |
| Build / train | 193 | |
| Enter build submenu | 43 | |
| Enter hero's abilities submenu | 8 | |
| Give item / drop item | 3 | |
| Right click | 2716 | |
| Select / deselect | 634 | |
| Use ability | 117 | |
3741 total
» units
| Peon | 25 | |
| Raider | 74 | |
| Goblin Zeppelin | 15 | |
| Goblin Shredder | 1 | |
| Kodo Beast | 6 | |
| Shaman | 9 | |
| Blue Dragon | 2 | |
| Blue Drake | 3 | |
| Troll Batrider | 1 | |
| Wind Rider | 6 | |
142 total
» upgrades
| Pillage | 1 | |
| Melee Weapons | 4 | |
| Armor | 3 | |
| Spiked Barricades | 4 | |
| Ensnare | 1 | |
| Shaman Training | 2 | |
| Reinforced Defenses | 1 | |
| War Drums Damage Increase | 1 | |
17 total
» buildings
| War Mill | 1 | |
| Orc Burrow | 9 | |
| Altar of Storms | 1 | |
| Watch Tower | 21 | |
| Great Hall | 3 | |
| Stronghold | 3 | |
| Voodoo Lounge | 2 | |
| Beastiary | 2 | |
| Spirit Lodge | 1 | |
| Fortress | 1 | |
44 total
» build order
00:09 War Mill
00:17 Orc Burrow
00:22 Altar of Storms
01:40 Orc Burrow
02:57 Watch Tower
03:08 Watch Tower
03:49 Watch Tower
04:02 Watch Tower
04:56 Great Hall
05:13 Watch Tower
05:46 Stronghold
06:04 Watch Tower
06:35 Watch Tower
07:16 Voodoo Lounge
07:39 Orc Burrow
07:55 Watch Tower
08:00 Watch Tower
08:48 Beastiary
08:55 Beastiary
09:05 Spirit Lodge
09:36 Watch Tower
11:38 Orc Burrow
12:10 Voodoo Lounge
13:19 Fortress
13:47 Great Hall
13:55 Watch Tower
14:02 Watch Tower
15:11 Watch Tower
15:17 Watch Tower
15:27 Orc Burrow
15:49 Watch Tower
19:15 Orc Burrow
24:32 Great Hall
24:37 Orc Burrow
27:26 Watch Tower
27:31 Watch Tower
27:51 Stronghold
29:26 Watch Tower
29:31 Watch Tower
29:39 Watch Tower
32:26 Stronghold
42:47 Orc Burrow
50:04 Watch Tower
52:57 Orc Burrow
» items
| Potion of Healing | 6 | |
| Scroll of Town Portal | 2 | |
| Orb of Lightning | 3 | |
| Potion of Mana | 6 | |
| Scroll of Speed | 3 | |
20 total
team 2 (winner)
AT2 (
purple | 62 APM | 3491 actions | 56:25)
9 Death Knight
3 Death Coil
3 Unholy Aura
1 Animate Dead
2 Death Pact
8 Lich
3 Frost Nova
3 Frost Armor
1 Death and Decay
1 Dark Ritual
» actions
| Assign group hotkey | 49 | |
| Basic commands | 126 | |
| Build / train | 199 | |
| ESC pressed | 11 | |
| Enter build submenu | 47 | |
| Enter hero's abilities submenu | 17 | |
| Give item / drop item | 2 | |
| Right click | 1093 | |
| Select / deselect | 634 | |
| Select group hotkey | 1077 | |
| Use ability | 235 | |
3491 total
» units
| Acolyte | 20 | |
| Ghoul | 2 | |
| Crypt Fiend | 22 | |
| Necromancer | 9 | |
| Obsidian Statue | 10 | |
| Meatwagon | 3 | |
| Blue Dragon | 4 | |
70 total
» upgrades
| Burrow | 1 | |
| Web | 1 | |
| Creature Attack | 4 | |
| Creature Carapace | 6 | |
| Skeletal Mastery | 1 | |
| Exhume Corpses | 1 | |
| Necromancer Training | 2 | |
| Unholy Strength | 3 | |
| Unholy Armor | 4 | |
| Skeletal Longevity | 1 | |
24 total
» buildings
| Graveyard | 2 | |
| Crypt | 2 | |
| Ziggurat | 19 | |
| Altar of Darkness | 1 | |
| Tomb of Relics | 8 | |
| Halls of the Dead | 3 | |
| Temple of the Damned | 2 | |
| Slaughterhouse | 1 | |
| Black Citadel | 4 | |
| Necropolis | 3 | |
| Nerubian Tower | 2 | |
47 total
» build order
01:10 Graveyard
01:13 Crypt
01:15 Crypt
01:16 Ziggurat
01:19 Altar of Darkness
01:21 Tomb of Relics
01:56 Ziggurat
04:05 Halls of the Dead
04:05 Halls of the Dead
04:20 Ziggurat
05:00 Ziggurat
08:01 Temple of the Damned
08:06 Ziggurat
09:30 Temple of the Damned
09:31 Slaughterhouse
10:03 Ziggurat
10:05 Ziggurat
10:09 Ziggurat
11:04 Black Citadel
11:04 Black Citadel
11:04 Black Citadel
11:04 Black Citadel
16:10 Graveyard
16:14 Ziggurat
17:09 Necropolis
26:07 Tomb of Relics
26:09 Tomb of Relics
26:12 Tomb of Relics
26:17 Tomb of Relics
26:20 Tomb of Relics
26:24 Tomb of Relics
30:35 Necropolis
33:02 Tomb of Relics
44:19 Ziggurat
44:20 Ziggurat
44:21 Ziggurat
44:23 Ziggurat
44:34 Ziggurat
45:00 Ziggurat
45:01 Ziggurat
45:02 Ziggurat
49:24 Necropolis
49:37 Ziggurat
49:40 Ziggurat
52:36 Nerubian Tower
» items
| Rod of Necromancy | 1 | |
| Scroll of Town Portal | 14 | |
| Potion of Healing | 1 | |
| Potion of Lesser Invulnerability | 2 | |
| Boots of Speed | 1 | |
| Periapt of Vitality | 1 | |
| Scroll of Protection | 1 | |
| Orb of Corruption | 1 | |
| Scroll of Healing | 1 | |
23 total
NFL-REFS-R-BACK (
yellow | 74 APM | 4173 actions | 56:26)
9 Blademaster
3 Wind Walk
3 Critical Strike
1 Bladestorm
2 Mirror Image
9 Shadow Hunter
3 Hex
3 Healing Wave
1 Big Bad Voodoo
2 Serpent Ward
8 Tauren Chieftain
3 Endurance Aura
3 Shockwave
1 Reincarnation
1 War Stomp
» actions
| Assign group hotkey | 83 | |
| Basic commands | 4 | |
| Build / train | 130 | |
| Enter build submenu | 24 | |
| Enter hero's abilities submenu | 26 | |
| Give item / drop item | 9 | |
| Remove unit from queue | 5 | |
| Right click | 1766 | |
| Select / deselect | 447 | |
| Select group hotkey | 1456 | |
| Use ability | 223 | |
4173 total
» units
| Peon | 21 | |
| Grunt | 4 | |
| Wind Rider | 10 | |
| Goblin Zeppelin | 2 | |
| Goblin Shredder | 1 | |
| Shaman | 6 | |
44 total
» upgrades
| Ranged Weapons | 3 | |
| Armor | 3 | |
| Envenomed Spears | 1 | |
| Shaman Training | 2 | |
| Reinforced Defenses | 1 | |
| Witch Doctor Training | 2 | |
12 total
» buildings
| Altar of Storms | 1 | |
| Orc Burrow | 6 | |
| Barracks | 1 | |
| Voodoo Lounge | 3 | |
| Stronghold | 1 | |
| War Mill | 1 | |
| Beastiary | 4 | |
| Fortress | 1 | |
| Great Hall | 2 | |
| Spirit Lodge | 2 | |
| Watch Tower | 12 | |
34 total
» build order
00:16 Altar of Storms
00:22 Orc Burrow
00:38 Barracks
01:34 Orc Burrow
02:05 Voodoo Lounge
03:05 Stronghold
04:04 Orc Burrow
04:27 Orc Burrow
04:49 War Mill
05:53 Beastiary
05:54 Beastiary
09:33 Fortress
09:37 Orc Burrow
09:37 Orc Burrow
10:46 Great Hall
11:09 Spirit Lodge
14:52 Great Hall
15:06 Watch Tower
15:06 Watch Tower
15:07 Watch Tower
15:10 Watch Tower
21:01 Spirit Lodge
23:57 Voodoo Lounge
26:06 Beastiary
26:07 Beastiary
26:27 Voodoo Lounge
31:01 Watch Tower
31:01 Watch Tower
31:02 Watch Tower
31:02 Watch Tower
32:15 Watch Tower
32:17 Watch Tower
32:18 Watch Tower
32:19 Watch Tower
» items
| Healing Salve | 4 | |
| Lesser Clarity Potion | 2 | |
| Scroll of Town Portal | 15 | |
| Orb of Lightning | 1 | |
| Potion of Lesser Invulnerability | 6 | |
| Scroll of Healing | 4 | |
| Staff of Teleportation | 1 | |
33 total

»
inbeforelock (
blue | 47 APM | 2632 actions | 56:25)
7 Tauren Chieftain
3 Shockwave
3 Endurance Aura
1 Reincarnation
5 Far Seer
3 Chain Lighting
2 Far Sight
» actions
| Assign group hotkey | 14 | |
| Basic commands | 2 | |
| Build / train | 117 | |
| Enter build submenu | 20 | |
| Enter hero's abilities submenu | 12 | |
| Give item / drop item | 5 | |
| Remove unit from queue | 23 | |
| Right click | 1604 | |
| Select / deselect | 689 | |
| Select group hotkey | 56 | |
| Use ability | 90 | |
2632 total
» units
| Peon | 1 | |
| Troll Headhunter/Berserker | 20 | |
| Goblin Shredder | 3 | |
| Shaman | 12 | |
| Troll Witch Doctor | 3 | |
| Goblin Zeppelin | 5 | |
44 total
» upgrades
| Ranged Weapons | 3 | |
| Armor | 3 | |
| Berserker Upgrade | 1 | |
| Shaman Training | 2 | |
| Troll Regeneration | 1 | |
| Witch Doctor Training | 2 | |
12 total
» buildings
| Altar of Storms | 1 | |
| Orc Burrow | 9 | |
| Barracks | 4 | |
| War Mill | 2 | |
| Voodoo Lounge | 1 | |
| Stronghold | 5 | |
| Fortress | 1 | |
| Great Hall | 3 | |
| Spirit Lodge | 3 | |
29 total
» build order
00:08 Altar of Storms
00:20 Orc Burrow
00:26 Barracks
01:30 War Mill
02:17 Orc Burrow
03:08 Voodoo Lounge
03:28 Stronghold
03:29 Stronghold
03:29 Stronghold
03:43 Barracks
03:47 Barracks
05:12 Orc Burrow
06:29 Fortress
07:07 Great Hall
10:26 Spirit Lodge
10:27 Spirit Lodge
10:27 Spirit Lodge
11:40 Orc Burrow
11:40 Orc Burrow
11:42 Orc Burrow
11:43 Orc Burrow
12:19 Orc Burrow
12:20 Orc Burrow
14:50 Barracks
28:32 Great Hall
32:24 Stronghold
37:46 Great Hall
40:05 War Mill
» items
| Healing Salve | 2 | |
| Lesser Clarity Potion | 2 | |
| Scroll of Speed | 1 | |
| Orb of Lightning | 1 | |
| Scroll of Town Portal | 9 | |
| Staff of Teleportation | 1 | |
| Boots of Speed | 1 | |
17 total
BattleWolf (
orange | 10 APM | 553 actions | 56:25)
3 Goblin Tinker
2 Pocket Factory
1 Engineering Upgrade
» actions
| Basic commands | 1 | |
| Build / train | 65 | |
| Enter build submenu | 19 | |
| Enter hero's abilities submenu | 3 | |
| Give item / drop item | 3 | |
| Right click | 209 | |
| Select / deselect | 207 | |
| Use ability | 46 | |
553 total
» units
| Wisp | 34 | |
| Dryad | 9 | |
| Mountain Giant | 1 | |
44 total
» upgrades
| Strength of the Wild | 3 | |
| Reinforced Hides | 3 | |
| Ultravision | 1 | |
| Abolish Magic | 1 | |
| Nature's Blessing | 1 | |
| Well Spring | 1 | |
| Hardened Skin | 1 | |
| Resistant Skin | 1 | |
12 total
» buildings
| Altar of Elders | 1 | |
| Moon Well | 8 | |
| Ancient of Wonders | 1 | |
| Hunter's Hall | 1 | |
| Ancient Protector | 7 | |
| Tree of Ages | 1 | |
| Tree of Eternity | 1 | |
| Ancient of Lore | 3 | |
| Tree of Life | 2 | |
25 total
» build order
00:04 Altar of Elders
00:23 Moon Well
01:02 Ancient of Wonders
01:18 Moon Well
01:53 Moon Well
02:42 Hunter's Hall
03:16 Moon Well
04:03 Moon Well
04:25 Ancient Protector
04:49 Tree of Ages
06:48 Ancient Protector
06:51 Ancient Protector
07:37 Tree of Eternity
07:47 Ancient of Lore
07:49 Ancient of Lore
07:52 Ancient of Lore
08:12 Tree of Life
14:37 Moon Well
14:47 Moon Well
15:45 Ancient Protector
15:47 Ancient Protector
15:57 Ancient Protector
16:00 Ancient Protector
16:44 Moon Well
19:42 Tree of Life
» items
| Orb of Lightning | 1 | |
| Scroll of Town Portal | 1 | |
| Tiny Great Hall | 1 | |
3 total
Chat log
(00:09 / Allies) AT2: gold 100 please
(01:39 / Allies) AT2: orange
(01:43 / Allies) AT2: wanna be a feeder?
(02:12 / Allies) NFL-REFS-R-BACK: dont think he knows what that is
(02:23 / Allies) AT2: loooll
(02:52 / Allies) AT2: i wont confuse the shit out of him
(02:55 / Allies) AT2: ill let him play
(03:47 / Allies) AT2: gold 100 someone?
(03:58 / Allies) AT2: thank you
(04:32 / Allies) AT2: units everyone?
(04:41 / Allies) NFL-REFS-R-BACK: bm sh wyv
(04:56 / Allies) AT2: id ont fucking kjonw what orange is doing tho
(05:33 / Allies) AT2: orange
(05:35 / Allies) AT2: share lumber
(05:44 / Allies) AT2: blue
(05:46 / Allies) AT2: or yellow
(05:49 / Allies) AT2: nvm
(06:25 / Allies) AT2: yelow come
(06:56 / Allies) AT2: b
(07:03 / Allies) AT2: or fk him up
(07:03 / Allies) AT2: lo
(08:24 / Allies) AT2: guys
(08:25 / Allies) AT2: GUYS
(08:27 / Allies) AT2: dont go down
(08:28 / Allies) AT2: hes towering
(08:53 / Allies) AT2: lumber me
(09:44 / Allies) inbeforelock: mid
(09:48 / Allies) inbeforelock: come yellow
(10:32 / All) BattleWolf: fuck u pussies
(10:49 / Allies) AT2: out
(10:50 / Allies) AT2: tp
(10:51 / Allies) AT2: blue
(10:51 / Allies) AT2: gtfo
(11:00 / Allies) NFL-REFS-R-BACK: why?
(11:22 / All) BattleWolf: fuck off before i murder someone
(11:36 / Allies) AT2: guys
(11:39 / Allies) AT2: hit top if u wanna hit
(11:41 / Allies) AT2: bottom are noobs
(11:52 / Allies) NFL-REFS-R-BACK: u have a friend on other team dont you
(12:06 / Allies) AT2: if they tower bottom
(12:08 / Allies) AT2: does it mean they good or not
(13:11 / Allies) AT2: NO
(13:12 / Allies) AT2: dont go there
(13:14 / Allies) AT2: full of towerts
(13:16 / Allies) AT2: u wont kill shit
(14:30 / Allies) AT2: guys
(14:31 / Allies) AT2: fight togheter
(14:32 / Allies) AT2: not alone
(16:21 / Allies) AT2: lumber please
(16:22 / Allies) inbeforelock: mid
(16:41 / Allies) AT2: blue
(16:42 / Allies) inbeforelock: come purple
(16:43 / Allies) AT2: ur alone
(16:46 / Allies) AT2: omw
(16:51 / Allies) AT2: orabnge
(16:52 / Allies) AT2: orange
(16:54 / Allies) AT2: get some units fuck
(17:00 / Allies) AT2: tp out
(17:01 / Allies) AT2: tp out
(17:21 / Allies) NFL-REFS-R-BACK: its over
(17:25 / Allies) AT2: u guys suck
(17:26 / Allies) AT2: yellow no
(17:27 / Allies) AT2: its not
(18:04 / Allies) AT2: yelow
(18:06 / Allies) AT2: tp to blue
(18:08 / Allies) AT2: and help me
(18:51 / Allies) inbeforelock: tp
(18:52 / Allies) inbeforelock: tp
(19:13 / Allies) AT2: told u it wasnt over
(19:19 / Allies) AT2: they suck
(19:20 / Allies) AT2: we can win 3v4
(19:23 / Allies) AT2: just expo everywhere
(19:38 / Allies) AT2: tp
(19:40 / Allies) AT2: all
(19:41 / Allies) NFL-REFS-R-BACK: tp
(20:29 / Allies) AT2: wtf
(20:31 / Allies) AT2: i ned a tp
(20:36 / Allies) AT2: greedy bitch take 2
(20:37 / Allies) NFL-REFS-R-BACK: lolz
(20:49 / Allies) NFL-REFS-R-BACK: something fishy is going on
(21:00 / Allies) AT2: ORABNGE
(21:02 / Allies) AT2: IM STILL WONDERING
(21:04 / Allies) AT2: WHY YOU DONT GOT
(21:10 / Allies) AT2: 80 FOOD
(21:12 / Allies) AT2: FUCKING ASS HOLE
(22:03 / Allies) AT2: BLUE
(22:28 / Allies) AT2: tp soon niggers
(22:43 / Allies) AT2: tp top expo
(22:44 / Allies) inbeforelock: build shop
(23:16 / Allies) inbeforelock: yello
(23:17 / Allies) inbeforelock: build shop
(23:33 / Allies) NFL-REFS-R-BACK: move
(23:39 / Allies) AT2: blue move ur shit
(23:44 / Allies) AT2: MOVE FROM THER
(23:45 / Allies) AT2: LOL
(23:51 / Allies) NFL-REFS-R-BACK: lol
(23:53 / Allies) NFL-REFS-R-BACK: u made it worse
(24:02 / Allies) inbeforelock: i got zep
(24:15 / Allies) NFL-REFS-R-BACK: purple took the tps wtf
(24:22 / Allies) AT2: i took one nigger
(24:52 / Allies) AT2: ill expo there
(25:19 / Allies) AT2: tp top
(25:25 / Allies) AT2: blue come top
(26:15 / Allies) AT2: i made like 5 shops lol
(26:19 / Allies) AT2: for mass tp
(26:21 / Allies) inbeforelock: lets end this
(26:31 / Allies) NFL-REFS-R-BACK: im having fun
(26:32 / Allies) NFL-REFS-R-BACK: no need to end
(26:33 / Allies) AT2: we cant just end thuis without orange
(26:40 / All) NFL-REFS-R-BACK: who da hell is winning
(26:43 / Allies) AT2: he has 51 food
(26:45 / Allies) AT2: wtf is in his head
(26:47 / All) Spooky: we are
(26:48 / All) TEAMMATESAREGAY: china
(26:50 / All) AT2: ofcourse
(26:55 / All) inbeforelock: China always wins at wc3
(26:58 / Allies) AT2: let orange get full army and we go
(27:00 / All) NFL-REFS-R-BACK: bruce lee would be proud
(27:14 / All) AT2: fk ur china
(27:26 / Allies) AT2: im ready for a tpp
(27:29 / Allies) AT2: ORANGE
(27:29 / Allies) AT2: BACK
(27:30 / Allies) AT2: DONT
(27:31 / Allies) AT2: FIGHT
(27:31 / Allies) AT2: ALOINE
(27:33 / Allies) AT2: WOWWWWWWWWWWWWWWWWWWWWWW
(27:35 / Allies) inbeforelock: hes good
(27:38 / Allies) AT2: tp
(27:39 / Allies) AT2: tp
(27:39 / Allies) AT2: omg
(27:40 / Allies) AT2: ok
(27:41 / Allies) AT2: hes a noob
(27:51 / All) BattleWolf: fuck u
(28:04 / Allies) inbeforelock: kill hero\
(28:15 / Allies) AT2: herooo
(28:18 / All) AT2: gg
(29:17 / All) AT2: u can now leave
(31:29 / Allies) inbeforelock: go attack
(32:17 / Allies) AT2: remake down
(32:20 / Allies) AT2: upgrade expo
(32:23 / Allies) AT2: get 80/80 food
(33:10 / Allies) inbeforelock: lets go
(33:23 / Allies) AT2: tp to my exp soon
(34:16 / Allies) AT2: tp
(34:17 / Allies) AT2: tp
(34:17 / Allies) AT2: tp
(34:38 / Allies) AT2: TP
(34:39 / Allies) AT2: TP
(34:39 / Allies) AT2: TP
(34:40 / Allies) AT2: TP
(35:39 / Allies) inbeforelock: lets end it
(36:08 / Allies) inbeforelock: yellow forget it
(36:09 / Allies) inbeforelock: come
(36:37 / Allies) inbeforelock: cmon purp
(39:00 / Allies) AT2: orange
(39:01 / Allies) AT2: build
(39:11 / Allies) AT2: all tp to yellow
(39:12 / Allies) AT2: 11
(39:41 / Allies) AT2: reapair town
(40:29 / All) NFL-REFS-R-BACK: we've won ever battle and we're gonna lose this game
(40:33 / All) NFL-REFS-R-BACK: its quite imrpessive
(40:51 / Allies) AT2: why would u loose
(40:52 / Allies) AT2: stfu
(40:53 / Allies) AT2: get a tp
(40:54 / Allies) AT2: and fight
(41:56 / Allies) AT2: orabnge
(41:57 / Allies) AT2: take care of that
(42:20 / Allies) AT2: yellow
(42:21 / Allies) AT2: get more shit
(43:59 / Allies) inbeforelock: orange start building shit around the map
(44:38 / Allies) inbeforelock: dont
(44:44 / Allies) inbeforelock: i can cleanup the raider attacks
(44:46 / Allies) inbeforelock: just finish their base
(45:17 / All) AT2: u guys are terrible
(45:25 / All) AT2: im wining 3v1 on every fight lol
(45:25 / All) NFL-REFS-R-BACK: i still think something fishy is going on
(45:46 / Allies) inbeforelock: suspicious eh yellow?
(45:47 / All) NFL-REFS-R-BACK: im having fun so its really irrelevant
(46:05 / All) NFL-REFS-R-BACK: if i had to guess purple and teal are friends
(46:10 / All) NFL-REFS-R-BACK: or puprle and pink
(46:10 / Allies) AT2: blue..
(46:12 / Allies) AT2: dont fken die
(46:24 / All) AT2: i dont have firnds in that fken team i swear
(46:34 / All) NFL-REFS-R-BACK: forum posters?
(46:43 / All) AT2: all i know is ima tp when yellow is attacked
(46:45 / All) AT2: thats all i know
(47:23 / Allies) AT2: yelow
(47:24 / Allies) AT2: got tp?
(47:27 / Allies) NFL-REFS-R-BACK: yes sir
(47:33 / Allies) AT2: tp on my go
(47:39 / Allies) AT2: now
(48:11 / All) AT2: i dont need ur 9k+ lumber
(48:41 / Allies) AT2: YELLOW
(48:41 / Allies) AT2: KILL AIR TRASNPORT
(49:15 / Allies) AT2: GET A TP
(49:16 / Allies) AT2: LETS GO
(49:43 / Allies) inbeforelock: jesus christ look at that attack rate
(49:48 / Allies) NFL-REFS-R-BACK: fo rwho
(49:49 / Allies) inbeforelock: lvl 3 uh and endurance
(49:58 / Allies) inbeforelock: and blood lusr
(50:16 / Allies) NFL-REFS-R-BACK: it is fool's gold
(50:40 / All) AT2: bECAUSE FUCK YOU THATS WHY]
(50:47 / Allies) inbeforelock: ur heros are way too strong there is no way they should win
(51:56 / Allies) inbeforelock: kill the healing wards
(52:43 / Allies) AT2: all u gota do now
(52:45 / Allies) AT2: is protect my basew
(52:52 / Allies) AT2: but uill do that
(53:12 / Allies) inbeforelock: just crush teal should be easy
(53:20 / Allies) inbeforelock: hes really bad
(53:22 / Allies) AT2: LOL
(53:24 / Allies) AT2: too easy
(53:40 / All) AT2: p;ro teal
(53:41 / All) AT2: wasup
(53:55 / Allies) inbeforelock: look how fast blade attacks rofl
(53:59 / Allies) inbeforelock: good luck dealing with thta
(54:17 / Allies) AT2: yelow come
(54:32 / Allies) AT2: share control yellow
(54:51 / Allies) NFL-REFS-R-BACK: gold?
(55:02 / Allies) inbeforelock: go finish em off
(55:12 / Allies) AT2: kk
(56:21 / All) Spooky: GG